 Dungeon Crawl Stone Soup version 0.25-a0-435-g4b9beb1024 (webtiles) character file.

Game seed: 9933588540651375558, levelgen mode: deterministic

3845 Archen the Fighter (level 9, 0/84 HPs)
             Began as a Minotaur Berserker on Jan 27, 2020.
             Was an Elder of Trog.
             Succumbed to a killer bee's poison
             ... on level 8 of the Dungeon.
             The game lasted 00:16:58 (5495 turns).

Archen the Fighter (Minotaur Berserker)             Turns: 5495, Time: 00:16:59

Health: 0/84       AC: 11    Str: 24    XL:     9   Next: 98%
Magic:  8/8        EV: 14    Int:  4    God:    Trog [****..]
Gold:   244        SH:  0    Dex: 11    Spells: 8/8 levels left

rFire    . . .     SeeInvis +   y - +0 war axe (vamp)
rCold    . . .     Gourm    .   (no shield)
rNeg     . . .     Faith    .   f - +0 scale mail
rPois    .         Spirit   .   (helmet restricted)
rElec    .         Reflect  .   (no cloak)
rCorr    .         Harm     .   (no gloves)
MR       .....                  k - +2 pair of boots
Stlth    ..........             (no amulet)
HPRegen  0.24/turn              w - ring of see invisible
MPRegen  0.11/turn              (no ring)

@: lethally poisoned (0 -> -20)
A: retaliatory headbutt, horns 2
a: Berserk, Trog's Hand, Brothers in Arms, Renounce Religion


You were on level 8 of the Dungeon.
You worshipped Trog.
Trog was greatly pleased with you.
You were not hungry.

You visited 1 branch of the dungeon, and saw 8 of its levels.

You collected 244 gold pieces.

Inventory:

Hand Weapons
 a - a +0 hand axe
 y - a +0 vampiric war axe (weapon)
Armour
 f - a +0 scale mail (worn)
 k - a +2 pair of boots (worn)
 l - a +0 ring mail
Jewellery
 w - a ring of see invisible (left hand)
Wands
 v - a wand of flame (17)
Scrolls
 b - a scroll of fog
 d - a scroll of noise
 e - 4 scrolls of remove curse
 m - a scroll of enchant armour
 o - 3 scrolls of identify
 p - 4 scrolls of enchant weapon
 r - 2 scrolls of teleportation
 x - a scroll of acquirement {unknown}
Potions
 h - a potion of resistance {unknown}
 i - 3 potions of curing
 j - a potion of haste {unknown}
 n - a potion of magic
 q - 3 potions of ambrosia
 s - a potion of experience {unknown}
 t - 3 potions of brilliance {unknown}
 u - 4 potions of heal wounds {unknown}
 z - a potion of lignification {unknown}
 A - a potion of degeneration {unknown}
Comestibles
 c - 12 rations
 g - 8 chunks of flesh


   Skills:
 + Level 9.4 Fighting
 + Level 9.3 Axes
 + Level 8.9 Armour
 + Level 8.2 Dodging


You had 8 spell levels left.
You didn't know any spells.
Your spell library was empty.

Dungeon Overview and Level Annotations

Branches:
Dungeon (8/15)             Temple (0/1) D:6
   Lair: D:8-11

Altars:
Ashenzari
Fedhas
Kikubaaqudgha
Okawaru

Shops:
D:6 ?


Innate Abilities, Weirdness & Mutations

You reflexively headbutt those who attack you in melee.
You have a pair of horns on your head.


Message History

The killer bee stings you!
* * * LOW HITPOINT WARNING * * *
You are more poisoned.
The killer bee poisons you!
You barely miss the killer bee. Your headbutt misses the killer bee.
The killer bee is lightly wounded.
* * * LOW HITPOINT WARNING * * *
You feel very sick. The killer bee closely misses you. You furiously retaliate!
You headbutt the killer bee!
The killer bee stings you but does no damage. x2
You hit the killer bee but do no damage.
Your headbutt misses the killer bee.
The killer bee is severely wounded.
* * * LOW HITPOINT WARNING * * *
You feel sick. The killer bee closely misses you. x2
You slash the killer bee!
You feel better.
You kill the killer bee!
Trog accepts your kill.
You die...

#.......#.....#
#.......#.....#
#.......#.....# #
###....##.....# ##.
##....#......# ....
#.....#......# .....
#.....#......#
......#†..).#......#
......†@....#......#
##...###....#......#####
+## ## #....######.....#
..#.......
........÷.'.....#
..#.......#
.........#.....#
..#.......#
.........#.....#
..#.......######
######...#.....#
..#............#
#...#......
..#............#
#...#......


There were no monsters in sight!

Vanquished Creatures
  Harold (D:7)
  A hippogriff (D:8)
  Sigmund (D:2)
  An orc warrior (D:6)
  A sky beast (D:6)
  4 ice beasts
  A phantom (D:7)
  3 ogres
  A centaur (D:5)
  A bullfrog (D:8)
  A water moccasin skeleton (D:7)
  3 scorpions
  4 wights (D:6)
  5 killer bees (D:8)
  3 vampire bats (D:3)
  3 crimson imps
  3 centaur zombies
  A bullfrog zombie (D:6)
  3 jellies
  2 centaur skeletons
  An orc priest (D:4)
  A hound (D:7)
  An iguana (D:5)
  Crazy Yiuf (D:5)
  4 orc wizards
  4 worker ants
  A hound zombie (D:4)
  A hound skeleton (D:6)
  A worker ant zombie (D:8)
  12 gnolls
  A howler monkey skeleton (D:4)
  12 adders
  An adder zombie (D:7)
  An adder skeleton (D:4)
  3 worms
  A dart slug (D:1)
  2 leopard geckos
  11 orcs
  2 ball pythons
  7 bats
  2 bat skeletons (D:3)
  4 bat zombies (D:3)
  4 giant cockroaches
  7 goblins
  7 hobgoblins
  2 jackals (D:4)
  3 kobolds
  3 quokkas
  3 frilled lizards
  A jackal skeleton (D:5)
  A leopard gecko skeleton (D:5)
  A leopard gecko zombie (D:5)
  5 rats
154 creatures vanquished.

Notes
Turn   | Place    | Note
-------+----------+-------------------------------------------
     0 | D:1      | Archen the Minotaur Berserker began the quest for the Orb.
     0 | D:1      | Reached XP level 1. HP: 19/19 MP: 0/0
     3 | D:1      | Noticed an anaconda
   114 | D:1      | Reached XP level 2. HP: 26/27 MP: 1/1
   334 | D:1      | Noticed a four-headed hydra
   441 | D:2      | Reached XP level 3. HP: 28/33 MP: 2/2
   462 | D:2      | Noticed Sigmund
   472 | D:2      | Killed Sigmund
   472 | D:2      | Reached ** piety under Trog
   472 | D:2      | Reached XP level 4. HP: 20/41 MP: 3/3
   472 | D:2      | Reached XP level 5. HP: 23/47 MP: 4/4
   981 | D:2      | Reached skill level 5 in Fighting
   981 | D:2      | Reached skill level 5 in Axes
  1147 | D:2      | Noticed an ogre
  1157 | D:2      | Killed an ogre
  1157 | D:2      | Reached XP level 6. HP: 56/56 MP: 5/5
  1409 | D:3      | Found an ancient bone altar of Kikubaaqudgha.
  1594 | D:3      | Found a blossoming altar of Fedhas.
  1670 | D:3      | Reached *** piety under Trog
  1803 | D:3      | Reached XP level 7. HP: 51/62 MP: 6/6
  1874 | D:4      | Reached skill level 5 in Armour
  1918 | D:4      | Found an iron altar of Okawaru.
  2252 | D:4      | Reached skill level 5 in Dodging
  2618 | D:5      | Entered Level 5 of the Dungeon
  2777 | D:5      | Reached XP level 8. HP: 64/71 MP: 7/7
  3108 | D:5      | Reached **** piety under Trog
  3134 | D:5      | Found a runed translucent door.
  3135 | D:5      | Noticed Crazy Yiuf
  3418 | D:5      | Killed Crazy Yiuf
  3573 | D:6      | HP: 3/73 [wight/cursed +3 scimitar of freezing (6)]
  3951 | D:6      | Found a staircase to the Ecumenical Temple.
  3985 | D:6      | Found a shattered altar of Ashenzari.
  4124 | D:6      | Found Rumen's Magic Scroll Emporium.
  4386 | D:6      | Reached XP level 9. HP: 81/81 MP: 8/8
  4875 | D:7      | Noticed Harold
  4891 | D:7      | Killed Harold
  5493 | D:8      | HP: 3/83 [poisoned by a killer bee]
  5494 | D:8      | HP: 1/83 [poisoned by a killer bee]
  5495 | D:8      | Succumbed to a killer bee's poison

Levels and vault maps discovered:
D:1:      sevenhm_arrival_forest_fort_small_2, layout_rooms
D:2:      layout_basic, first_ration, uniq_sigmund
D:3:      layout_rooms, kennysheep_vampire_church, serial_bayou_pond_c,
          lemuel_tele_altar
D:4:      layout_basic, okawaru_trees_2
D:5:      layout_basic, uniq_crazy_yiuf_cottage
D:6:      layout_cave_pods, minmay_temple_entry_overgrown, serial_shops,
          nicolae_shop_statue_plus, cheibrodos_ashenzari_chains
D:7:      layout_gridville, grunt_ogre_cave, uniq_harold
D:8:      layout_gridville, lair_entry_dummy, st_stairs_4, uniq_maurice

Skill      XL: |  1  2  3  4  5  6  7  8  9 |
---------------+----------------------------+-----
Fighting       | 4 5 6 7 9 |  9.4
Axes           | 4 5 6 7 9 |  9.3
Armour         | 3 4 5 7 8 |  8.9
Dodging        | 3 4 5 6 8 |  8.2

Action                   |  1- 3 |  4- 6 |  7- 9 || total
-------------------------+-------+-------+-------++-------
Melee: Hand axe          |    40 |    91 |   356 ||   487
       Headbutt          |     3 |    16 |    85 ||   104
       War axe           |       |       |    22 ||    22
Invok: Berserk           |     1 |       |     2 ||     3
  Use: Scroll            |       |       |    11 ||    11
       Potion            |       |       |     3 ||     3
  Eat: Chunk             |       |     4 |     7 ||    11
       Ration            |       |       |     2 ||     2
Armor: Animal skin       |     4 |       |       ||     4
       Leather armour    |     6 |    32 |    69 ||   107
       Scale mail        |       |       |    38 ||    38
Dodge: Dodged            |    19 |    58 |   242 ||   319

Table legend:
 A = Non-vault XP
 B = Vault XP
 C = Vault XP percentage of total XP
 D = Non-vault monster count
 E = Vault monster count
 F = Vault count percentage of total count
                 A         B        C        D         E       F
            +---------+---------+-------+---------+---------+-------
      Total |    3923 |    1571 |  28.6 |     141 |      13 |   8.4
            +---------+---------+-------+---------+---------+-------
        D:1 |      40 |       0 |   0.0 |      14 |       0 |   0.0
        D:2 |     186 |     223 |  54.5 |      19 |       1 |   5.0
        D:3 |     123 |     184 |  59.9 |      20 |       9 |  31.0
        D:4 |     341 |       0 |   0.0 |      23 |       0 |   0.0
        D:5 |     684 |      36 |   5.0 |      16 |       1 |   5.9
        D:6 |    1116 |       0 |   0.0 |      23 |       0 |   0.0
        D:7 |     749 |    1128 |  60.1 |      17 |       2 |  10.5
        D:8 |     684 |       0 |   0.0 |       9 |       0 |   0.0
            +---------+---------+-------+---------+---------+-------
